 Dungeon Sprint DCSS version 0.17-a0-1748-g222fba8 (webtiles) character file.

1187 KambridgeKobold the Grappler (level 8, 0/92 HPs)
             Began as a Troll Monk on Sept 1, 2015.
             Was a Priest of Okawaru.
             Slain by a centaur warrior (6 damage)
             ... in the Dungeon (Sprint I: "Red Sonja").
             The game lasted 00:04:35 (472 turns).

KambridgeKobold the Grappler (Troll Monk)            Turns: 472, Time: 00:04:35

Health: 0/92       AC:  8    Str: 20    XL:     8   Next: 19%
Magic:  8/10       EV: 16    Int:  8    God:    Okawaru [***...]
Gold:   147        SH:  0    Dex: 12    Spells: 0 memorised, 7 levels left

rFire  . . .     SeeInvis .       - Unarmed
rCold  . . .     Clarity  .     a - +0 robe
rNeg   . . .     SustAt   .     (no shield)
rPois  .         Gourm    +     (helmet restricted)
rElec  .         Spirit   .     m - +2 cloak {+Inv}
rCorr  .         Warding  .     (gloves unavailable)
rMut   .         NoTele   +     (boots unavailable)
MR     .....                    (no amulet)
Stlth  ++........               (no ring)
                                (no ring)

@: heroism, not resistant to hostile enchantments, unstealthy
A: unfitting armour, claws 3, fast metabolism 3, gourmand, regeneration 2,
shaggy fur 1, tough skin 2
a: Heroism, Renounce Religion, Evoke Invisibility


You were in the Dungeon.
You worshipped Okawaru.
Okawaru was most pleased with you.
You were not hungry.

You visited 1 branch You collected 405 gold pieces.
You spent 258 gold pieces at shops.

Inventory:

Hand weapons
 j - a +0 giant club
Armour
 a - a +0 robe (worn)
 m - a +2 cloak of invisibility (worn)
Scrolls
 h - a scroll of blinking
 k - a scroll of silence {unknown}
Potions
 c - a potion of curing
 e - a potion of haste
 f - 2 potions of magic
 g - a potion of berserk rage
 l - a potion of degeneration {unknown}
Books
 i - a book of Callings

   Spells                             Type                      Level
   a - Summon Small Mammal            Summoning                    1
   b - Call Imp                       Summoning                    2
   c - Call Canine Familiar           Summoning                    3
   d - Summon Guardian Golem          Hexes/Summoning              3
   e - Summon Lightning Spire         Summoning/Air                4
   f - Summon Ice Beast               Ice/Summoning                4
Comestibles
 b - 2 bread rations


   Skills:
 + Level 9.0(14.0) Fighting
 + Level 9.0(14.0) Dodging
 - Level 1.1(6.1) Stealth
 + Level 10.3(15.3) Unarmed Combat
 - Level 5.1 Invocations


You had 7 spell levels left.
You didn't know any spells.

Dungeon Overview and Level Annotations

Branches:
Dungeon (1/1)

Altars:
Cheibriados
Dithmenos
Elyvilon
Fedhas
Gozag
Kikubaaqudgha
Makhleb
Nemelex Xobeh
Okawaru
Qazlal
Ru
Sif Muna
Trog
Vehumet
Xom
Yredelemnul
Zin
The Shining One
Jiyva

Shops:
D [


Innate Abilities, Weirdness & Mutations

You are too large for most types of armour.
You have claws for hands.
Your metabolism is lightning-fast.
You like to eat raw meat.
You heal very quickly.
You are covered in fur (AC +1).
You have very tough skin (AC +2).


Message History

The centaur warrior is moderately wounded.
The centaur warrior hits you but does no damage.
The centaur warrior hits you!
* * * LOW HITPOINT WARNING * * *
The centaur warrior hits you!
* * * LOW HITPOINT WARNING * * *
Drink which item? (? for menu, Esc to quit)
You feel much better. The centaur warrior hits you!
* * * LOW HITPOINT WARNING * * *
The centaur warrior barely misses you. The centaur warrior hits you.
* * * LOW HITPOINT WARNING * * *
You scratch the centaur warrior but do no damage.
The centaur warrior is lightly wounded.
The centaur warrior hits you but does no damage.
The centaur warrior hits you.
* * * LOW HITPOINT WARNING * * *
You closely miss the centaur warrior.
The centaur warrior is lightly wounded.
The centaur warrior hits you.
You die...

#######################
#..'..#..'..#__#..'.).#
'..#..').#..'^.'..#)..#
#####'#####'#__####...+
####..#...#§####§§#####
#__####..##.#(§§§c#
#_..__##'#..'§§§@§+
#_.∩...'..._#§§§§c#
#_..._##_.#'##+####
#_____###+#.# #######
###


You could see 2 centaur warriors.

Vanquished Creatures
  2 kobold demonologists (D)
  A slime creature (D)
  Sigmund (D)
  A yak (D)
  An ogre (D)
  Ijyb (D)
  A jelly (D)
  A giant eyeball (D)
9 creatures vanquished.

Notes
Turn   | Place    | Note
--------------------------------------------------------------
     0 | D        | KambridgeKobold the Troll Monk began the quest for the Orb.
     0 | D        | Reached XP level 1. HP: 22/22 MP: 0/0
     1 | D        | Noticed Ijyb
    10 | D        | Killed Ijyb
    10 | D        | Reached skill level 5 in Unarmed Combat
    10 | D        | Reached XP level 2. HP: 26/32 MP: 1/1
    22 | D        | Noticed an ogre
    27 | D        | Killed an ogre
    27 | D        | Reached skill level 5 in Fighting
    27 | D        | Reached skill level 5 in Dodging
    27 | D        | Reached skill level 6 in Unarmed Combat
    27 | D        | Reached XP level 3. HP: 7/42 MP: 2/2
    27 | D        | Reached XP level 4. HP: 8/50 MP: 3/3
   101 | D        | Noticed Sigmund
   109 | D        | Killed Sigmund
   109 | D        | Reached skill level 8 in Unarmed Combat
   109 | D        | Reached XP level 5. HP: 51/61 MP: 4/4
   109 | D        | Reached XP level 6. HP: 56/68 MP: 5/5
   139 | D        | Found a deep blue altar of Sif Muna.
   140 | D        | Noticed a jelly
   141 | D        | Found a radiant altar of Vehumet.
   144 | D        | Killed a jelly
   177 | D        | Found Raez Qae's Armour Emporium.
   177 | D        | Found a white marble altar of Elyvilon.
   177 | D        | Found a stormy altar of Qazlal.
   177 | D        | Found a burning altar of Makhleb.
   177 | D        | Found a sacrificial altar of Ru.
   177 | D        | Found a basalt altar of Yredelemnul.
   177 | D        | Found a glowing golden altar of the Shining One.
   177 | D        | Found a sparkling altar of Nemelex Xobeh.
   177 | D        | Found a shimmering altar of Xom.
   177 | D        | Found an opulent altar of Gozag.
   177 | D        | Found an ancient bone altar of Kikubaaqudgha.
   177 | D        | Found a glowing silver altar of Zin.
   177 | D        | Noticed a yak
   178 | D        | Found an iron altar of Okawaru.
   183 | D        | Killed a yak
   183 | D        | Reached skill level 9 in Unarmed Combat
   184 | D        | Found a bloodstained altar of Trog.
   188 | D        | Bought a +2 cloak of invisibility for 258 gold pieces
   199 | D        | Became a worshipper of Warmaster Okawaru
   199 | D        | Acquired Okawaru's first power
   312 | D        | Found a snail-covered altar of Cheibriados.
   312 | D        | Found a viscous altar of Jiyva.
   312 | D        | Found a shadowy altar of Dithmenos.
   312 | D        | Found a blossoming altar of Fedhas.
   312 | D        | Noticed a slime creature
   322 | D        | Killed a slime creature
   322 | D        | Reached XP level 7. HP: 25/80 MP: 5/8
   421 | D        | Noticed a kobold demonologist
   422 | D        | Noticed a kobold demonologist
   422 | D        | Paralysed by a giant eyeball for 2 turns
   431 | D        | Killed a kobold demonologist
   434 | D        | Killed a kobold demonologist
   434 | D        | Reached skill level 10 in Unarmed Combat
   434 | D        | Reached skill level 5 in Invocations
   434 | D        | Reached XP level 8. HP: 87/92 MP: 8/10
   454 | D        | Noticed a centaur warrior
   454 | D        | Noticed a centaur warrior
   472 | D        | Slain by a centaur warrior

Vault maps used:
D:        dungeon_sprint_1

Action                   |  1- 3 |  4- 6 |  7- 9 || total
-------------------------+-------+-------+-------++-------
Melee: Unarmed           |    12 |    23 |    14 ||    49
Invok: Heroism           |       |       |     1 ||     1
  Use: Potion            |       |       |     1 ||     1
 Stab: Sleeping          |       |     1 |       ||     1
  Eat: Chunk             |       |     4 |       ||     4
